 Dungeon Crawl Stone Soup version 0.29-a0-319-gad05b8d819 (webtiles) character file.

Game seed: 3945186905611939869

72 Dabor the Insei (level 4, -2/33 HPs)
             Began as a Demonspawn Transmuter on Apr 2, 2022.
             Slain by an orc
             ... wielding a +0 hand axe
              (5 damage)
             ... on level 3 of the Dungeon.
             The game lasted 00:02:14 (2875 turns).

Dabor the Insei (Demonspawn Transmuter)             Turns: 2875, Time: 00:02:14

Health: -2/33      AC:  2    Str: 10    XL:     4   Next: 6%
Magic:  0/7        EV: 12    Int: 15    God:
Gold:   88         SH:  0    Dex: 15    Spells: 5/8 levels left

rFire   . . .      SeeInvis .     - Unarmed
rCold   . . .      Faith    .   (no shield)
rNeg    . . .      Spirit   .   a - +0 robe
rPois   +          Reflect  .   (helmet currently unavailable)
rElec   .          Harm     .   (no cloak)
rCorr   .          Rampage  .   (no gloves)
Will    .....                   (boots currently unavailable)
Stlth   +.........              (no amulet)
HPRegen 0.11/turn               f - ring of poison resistance
MPRegen 0.10/turn               (no ring)

@: appendages (expiring), wereblooded, very slightly contaminated
A: horns 2, talons 2, demonic touch 2
a: End Transformation


You were on level 3 of the Dungeon.
You had temporarily grown beastly horns and talons.
You visited 1 branch of the dungeon, and saw 3 of its levels.

You collected 88 gold pieces.

Inventory:

Hand Weapons
 p - a +0 spear of venom
Missiles
 i - 14 poisoned darts
Armour
 a - a +0 robe (worn)
 j - a +0 pair of boots (melded)
Jewellery
 f - a ring of poison resistance (left hand)
Scrolls
 c - a scroll of immolation {unknown}
 d - a scroll of fog {unknown}
 e - 5 scrolls of teleportation {unknown}
 g - a scroll of enchant weapon {unknown}
 h - 3 scrolls of identify {unknown}
 m - a scroll of noise {unknown}
 o - a scroll of enchant armour {unknown}
 r - a scroll of amnesia {unknown}
Potions
 b - a potion of lignification
 k - a potion of cancellation {unknown}
 l - a potion of resistance {unknown}
 n - a potion of flight {unknown}
 q - a potion of degeneration {unknown}
 s - a potion of might {unknown}


   Skills:
 + Level 1.9 Fighting
 + Level 2.3 Dodging
 + Level 3.1 Unarmed Combat
 + Level 2.5 Spellcasting
 + Level 2.3 Transmutations


You had 5 spell levels left.
You knew the following spells:

 Your Spells              Type           Power      Damage    Failure   Level
a - Beastly Appendage     Tmut           16%        N/A       9%          1
b - Wereblood             Tmut           8%         N/A       12%         2

Your spell library contained the following spells:

 Spells                   Type           Power      Damage    Failure   Level
 Spider Form              Tmut/Pois      5%         N/A       36%         3
 Ice Form                 Ice/Tmut       5%         N/A       78%         4


Dungeon Overview and Level Annotations

Branches:
Dungeon (3/15)

Altars:


Innate Abilities, Weirdness & Mutations

You have temporarily grown beastly horns and talons.
Your touch may inflict irresistible damage on your foes.


Message History

The kobold shouts!
You hit the orc but do no damage. Your kick misses the orc.
You headbutt the orc.
The orc is lightly wounded.
Your transformation is almost over.
You hear a shout!
The orc hits you but does no damage.
You barely miss the orc. You claw the orc, but do no damage.
You touch the orc.
The orc is severely wounded.
The orc hits you with a +0 dagger.
You barely miss the orc. You claw the orc, but do no damage.
You touch the orc.
You kill the orc!
The orc priest calls down the wrath of Beogh upon you.
Beogh smites you!
You are too injured to fight recklessly!
You are too injured to fight recklessly!
You are too injured to fight recklessly!
You are too injured to fight recklessly!
You completely miss the endoplasm. Your touch misses the endoplasm.
The endoplasm barely misses you.
A kobold comes into view. It is wielding a +0 dagger.
The orc priest miscasts a cantrip.
You hit the endoplasm.
You kill the endoplasm!
Casting: Beastly Appendage (safe; 9% risk of failure)
Confirm with . or Enter, or press ? or * to list all spells.
You miscast Wereblood.
You are very lightly contaminated with residual magic.
Nothing appears to happen.
Casting: Wereblood (safe; 12% risk of failure)
Confirm with . or Enter, or press ? or * to list all spells.
You miscast Wereblood.
Nothing appears to happen.
Casting: Wereblood (safe; 12% risk of failure)
Confirm with . or Enter, or press ? or * to list all spells.
Your blood is infused with primal strength.
The orc priest calls down the wrath of Beogh upon you.
Beogh smites you!
* * * LOW HITPOINT WARNING * * *
The orc hits you with a +0 hand axe.
You die...

#. #.# #. #.# .## #.#
..# #.# #.# #.#
...#K####.# #.#
....oKo@..#####.########
##.######...............
#.#####.#######. #.# #.#
##.. #.# #.#####.## #.#
#.......#. #.#
#######.#. #.. ##.. ###
##.


You could see an orc priest, an orc and 2 kobolds.

Vanquished Creatures
  An adder (D:2)
  2 worms (D:2)
  A dart slug (D:2)
  3 orcs (D:3)
  2 ball pythons (D:2)
  4 endoplasms
  2 giant cockroaches (D:1)
  7 goblins
  3 hobgoblins
  3 jackals (D:2)
  2 quokkas
  2 bats
  4 frilled lizards
  8 kobolds
  2 rats
46 creatures vanquished.

Notes
Turn   | Place    | Note
-------+----------+-------------------------------------------
     0 | D:1      | Dabor the Demonspawn Transmuter began the quest for the
                  | Orb.
     0 | D:1      | Reached XP level 1. HP: 15/15 MP: 3/3
   458 | D:1      | Discovered your monstrous ancestry.
   458 | D:1      | Gained mutation: Your touch may inflict minor irresistible
                  | damage on your foes. [demonic ancestry]
   458 | D:1      | Reached XP level 2. HP: 21/21 MP: 5/5
  1679 | D:2      | Reached skill level 3 in Unarmed Combat
  1679 | D:2      | Gained mutation: Your touch may inflict irresistible damage
                  | on your foes. [demonic ancestry]
  1679 | D:2      | Reached XP level 3. HP: 14/26 MP: 3/6
  2715 | D:3      | Learned a level 2 spell: Wereblood
  2868 | D:3      | Reached XP level 4. HP: 33/33 MP: 5/7
  2875 | D:3      | Slain by an orc

Illustrated notes

Levels and vault maps discovered:
D:1:      dpeg_arrival_water_temple_mockup, layout_basic,
          minmay_misc_feat_enclosed
D:2:      layout_basic, serial_rivers, chequers_serial_rivers_room_a,
          chequers_serial_rivers_marsh, chequers_serial_rivers_micro_a,
          chequers_serial_rivers_large_b, st_stairs_5
D:3:      layout_loops_ring, gammafunk_ghost_stat_death, serial_park_tiny_1,
          uniq_crazy_yiuf_cottage

Skill      XL: |  1  2 |
---------------+-------+-----
Dodging        | 2 |  2.3
Transmutations | 2 |  2.3
Unarmed Combat | 3 |  3.1
Fighting       | |  1.9
Spellcasting   | |  2.5

Action                   |  1- 3 |  4- 6 || total
-------------------------+-------+-------++-------
Melee: Unarmed           |   120 |     5 ||   125
       Headbutt          |     7 |     1 ||     8
       Kick              |    14 |     2 ||    16
       Punch             |     3 |       ||     3
       Touch             |    10 |     2 ||    12
 Cast: Beastly Appendage |    18 |       ||    18
       Wereblood         |       |     1 ||     1
Armor: Robe              |    25 |     1 ||    26
Dodge: Dodged            |    66 |     1 ||    67

Table legend: (Time is in decaauts)
 A = Elapsed time spent in this place.
 B = Non-inter-level travel time spent in this place.
 C = Inter-level travel time spent in this place.
 D = Time resting spent in this place.
 E = Time spent auto-exploring this place.
 F = Levels seen in this place.
 G = Mean time per level.
                   A        B        C        D        E       F      G
               +--------+--------+--------+--------+--------+-----+--------+
         Total |   2900 |   2716 |    184 |     17 |   2370 |   3 |  966.7 |
       Dungeon |   2900 |   2716 |    184 |     17 |   2370 |   3 |  966.7 |
               +--------+--------+--------+--------+--------+-----+--------+

Top non-repeatable levels by time:
     D:2: 1604 daAuts
     D:1: 1082 daAuts
     D:3: 213 daAuts
